 Dungeon Crawl Stone Soup version 0.30-a0-568-g124715a40b (webtiles) character file.

Game seed: 4935063814999506318

35846 IdlyInterested the Unseen (level 13, -16/93 HPs)
             Began as a Demonspawn Brigand on Dec 27, 2022.
             Demolished by a spriggan rider
             ... wielding the +9 trident of Dissolution {flame, Fragile rF+ rC+ rN+}
              (20 damage)
             ... on level 13 of the Dungeon on Dec 28, 2022.
             The game lasted 00:55:17 (12233 turns).

IdlyInterested the Unseen (Demonspawn Brigand)     Turns: 12233, Time: 00:55:18

Health: -16/93     AC: 13    Str: 10    XL:     13   Next: 49%
Magic:  0/13       EV: 17    Int: 12    God:
Gold:   380        SH:  0    Dex: 28    Spells: 12/12 levels left

rFire   + + .      SeeInvis +    w - +12 long sword "Suvelih" {flame, rF++ rC+ Str-3 Dex+3}
rCold   + . .      Faith    .    (no shield)
rNeg    . . .      Spirit   +    m - +3 troll leather armour {Pargi}
rPois   .          Reflect  .    Z - +2 helmet {SInv}
rElec   .          Harm     .    I - +0 cloak
rCorr   .          Rampage  .    (gloves unavailable)
Will    .....                    b - +0 pair of boots
Stlth   ++++++++                 J - amulet of guardian spirit
HPRegen 1.15/turn                G - +6 ring of dexterity
MPRegen 0.13/turn                o - +4 ring of slaying

@: mighty, lethally poisoned (-16 -> -18)
A: repulsion field 1, ignite blood 2, powered by death 2, demonic touch 3
a: no special abilities


You were on level 13 of the Dungeon.
You visited 2 branches of the dungeon, and saw 14 of its levels.
You also visited: Sewer, Ossuary and Bailey.

You collected 1024 gold pieces.
You spent 644 gold pieces at shops.

Inventory:

Hand Weapons
 a - a +6 spectral dagger
 w - the +12 long sword "Suvelih" (weapon) {flame, rF++ rC+ Str-3 Dex+3}
   (You found it in a sewer)

   It burns those it strikes, dealing additional fire damage.
   Big, fiery blades are also staple armaments of hydra-hunters.
   Str:       It affects your strength (-3).
   Dex:       It affects your dexterity (+3).
   rF:        It greatly protects you from fire.
   rC:        It protects you from cold.
Missiles
 d - 23 poisoned darts (quivered)
 e - 4 curare-tipped darts
 i - 63 stones
 v - 26 boomerangs
 K - 6 throwing nets
 T - 6 javelins
Armour
 b - a +0 pair of boots (worn)
 f - a +1 leather armour of fire resistance
 m - a +3 troll leather armour (worn) {Pargi}
 I - a +0 cloak (worn)
 O - a +2 leather armour of cold resistance
 Z - a +2 helmet of see invisible (worn)
Jewellery
 j - a +5 ring of evasion
 o - a +4 ring of slaying (right hand)
 x - an amulet of magic regeneration
 G - a +6 ring of dexterity (left hand)
 J - an amulet of guardian spirit (around neck)
Wands
 k - a wand of quicksilver (6)
 H - a wand of digging (5)
 Q - a wand of charming (7)
 R - a wand of mindburst (7)
 U - a wand of iceblast (8)
Scrolls
 c - 3 scrolls of teleportation
 g - a scroll of fear
 C - a scroll of vulnerability
 D - 3 scrolls of brand weapon
 F - a scroll of immolation
 L - 2 scrolls of blinking
 N - 2 scrolls of fog
 P - 2 scrolls of identify
 X - a scroll of poison
Potions
 h - 2 potions of resistance
 l - 6 potions of attraction
 n - a potion of brilliance
 p - 5 potions of flight
 q - 6 potions of magic
 r - 6 potions of heal wounds
 s - 5 potions of ambrosia
 t - 3 potions of mutation
 u - 3 potions of haste
 z - 7 potions of curing
 B - 3 potions of cancellation
 E - 2 potions of invisibility
 V - 4 potions of lignification


   Skills:
 * Level 6.2 Fighting
 - Level 7.0 Short Blades
 - Level 3.0 Throwing
 * Level 3.3 Armour
 - Level 4.0 Dodging
 * Level 19.6 Stealth
 - Level 4.0 Unarmed Combat
 - Level 3.0 Evocations


You had 12 spell levels left.
You didn't know any spells.
Your spell library contained the following spells:

 Spells                   Type           Power      Damage    Failure   Level
 Ensorcelled Hibernation  Hex/Ice        0%         N/A       54%         2
 Passwall                 Tmut/Erth      0%         N/A       54%         2
 Hailstorm                Conj/Ice       0%         3d3       78%         3
 Swiftness                Air            0%         N/A       78%         3
 Ice Form                 Ice/Tmut       0%         N/A       99%         4
 Freezing Cloud           Conj/Ice/Air   0%         6-21      100%        5
 Simulacrum               Ice/Necr       0%         N/A       100%        6
 Polar Vortex             Ice            0%         N/A       100%        9


Dungeon Overview and Level Annotations

Branches:
Dungeon (13/15)            Temple (1/1) D:6            Lair (0/5) D:11
    Orc (0/2) D:9          Vaults (0/5) D:13          Sewer (visited)
Ossuary (visited)          Bailey (visited)

Altars:
Ashenzari
Cheibriados
Dithmenos
Fedhas
Gozag
Hepliaklqana
Kikubaaqudgha
Makhleb
Nemelex Xobeh
Okawaru
Qazlal
Ru
Sif Muna
Trog
Uskayaw
Vehumet
Wu Jian
Xom
Yredelemnul

Shops:
D:2 :   D:4 [[(:   D:5 (   D:10 *   D:11 [

Annotations:
D:13 Wiss's ghost, journeyman DgDe


Innate Abilities, Weirdness & Mutations

You are surrounded by a mild repulsion field. (EV +2)
Your demonic aura often causes spilled blood to erupt in flames.
You regenerate health from kills.
Your touch may irresistibly damage your foes and sap their willpower.


Message History

You feel sick.
Wiss's ghost is engulfed in blazing flames.
Wiss's ghost hits you!
The spriggan rider hits you from afar with the +9 trident of Dissolution {flame, Fragile rF+ rC+ rN+}!
* * * LOW HITPOINT WARNING * * *
You barely miss Wiss's ghost.
Wiss's ghost is heavily damaged.
You feel sick.
Wiss's ghost is engulfed in blazing flames.
Wiss's ghost hits you!
* * * LOW HITPOINT WARNING * * *
The spriggan rider hits you from afar with the +9 trident of Dissolution {flame, Fragile rF+ rC+ rN+}!
* * * LOW HITPOINT WARNING * * *
The spriggan rider burns you.
* * * LOW HITPOINT WARNING * * *
Wiss's ghost is engulfed in blazing flames.
Wiss's ghost completely misses you.
You feel much better.
You feel sick. The spriggan rider barely misses you. Wiss's ghost hits you!
You feel very mighty all of a sudden.
You feel sick.
The spriggan rider hits you from afar with the +9 trident of Dissolution {flame, Fragile rF+ rC+ rN+}!
The spriggan rider burns you.
Wiss's ghost is engulfed in blazing flames.
Wiss's ghost gestures at you while chanting.
The sting hits you.
You are more poisoned.
* * * LOW HITPOINT WARNING * * *
You slice Wiss's ghost!!
You touch Wiss's ghost!
You sap its willpower!
Wiss's ghost is almost destroyed.
You feel sick.
The spriggan rider hits you from afar with the +9 trident of Dissolution {flame, Fragile rF+ rC+ rN+}!!
* * * LOW HITPOINT WARNING * * *
The spriggan rider burns you.
* * * LOW HITPOINT WARNING * * *
Wiss's ghost casts a spell at you. The sting hits you but does no damage.
You are more poisoned.
The spriggan rider hits you from afar with the +9 trident of Dissolution {flame, Fragile rF+ rC+ rN+}!!
You die...

.#
#...###...............#
.# #.###
#..#####...#.#..# .# #.#
####♣♣♣#........# .###.#
♣♣♣$.#.#.#.#.##
.....####♣♣♣..♣##....##.#
...>...)#♣....g#8.#.###.#
#######.#♣..♣i♣#..#.###.#
#.#♣..!♣iW........#
#######.# .♣.Rh#@.##.#.##
.....##.#♣....♣#8°##.#.#
........#♣♣.♣♣?##.##.#.#
####.##.# ♣♣ ♣♣$#.##.#.#
#.##.#### ♣♣#.##.#.#
#.##.##.# ###..#.#.#
#..#.##.# ##.###..#.#
##.#.##.###.## ##.#)#
#.#.##.##.## ##..#


You could see a spriggan rider, a polar bear, an efreet (summoned), a spriggan,
a boggart and Wiss's ghost (weak-willed).

Vanquished Creatures
  Frances (D:12)
  Harold (D:10)
  2 vault guards (Bailey)
  An ogre mage (D:13)
  2 centaur warriors (D:13)
  3 boulder beetles
  11 two-headed ogres
  A vampire mage (D:13)
  Sonja (D:12)
  An orc knight (D:12)
  An ugly thing (D:13)
  A manticore (D:12)
  3 cyclopes
  A gargoyle (D:12)
  Maggie (D:10)
  Psyche (D:9)
  A komodo dragon (D:12)
  A kobold demonologist (D:12)
  4 trolls
  A hornet (D:5)
  Grinder (D:6)
  Prince Ribbit (Bailey)
  A shadow (D:9)
  2 vampires (D:10)
  2 wraiths (D:11)
  47 yaks
  A wyvern (D:6)
  Eustachio (D:4)
  A steam dragon (shapeshifter) (D:13)
  3 humans (Bailey)
  2 steam dragons
  A basilisk (D:13)
  7 vampire mosquitoes
  3 water moccasins
  Pargi (D:3)
  9 orc warriors
  2 ice beasts
  2 black bears
  3 wolves
  5 ogres
  3 centaurs
  2 phantoms
  A kobold brigand (D:7)
  9 bullfrogs (Bailey)
  A gnoll sergeant (D:6)
  A necrophage (D:6)
  A wyvern zombie (Ossuary)
  A scorpion (D:5)
  2 water moccasin zombies (Ossuary)
  6 wights
  24 killer bees
  6 howler monkeys
  4 electric eels (D:11)
  8 bullfrog zombies (Ossuary)
  2 centaur zombies (Ossuary)
  9 hounds
  11 orc priests
  Crazy Yiuf (D:5)
  2 gnoll boudas (D:6)
  2 jellies
  An iguana (D:4)
  Ijyb (D:5)
  11 orc wizards
  3 killer bee zombies (Ossuary)
  15 mummies
  A howler monkey zombie (Ossuary)
  5 gnolls
  14 adders
  3 shadow imps
  2 ufetubi (D:6)
  3 dart slugs
  58 orcs
  6 ball pythons
  6 bats
  3 endoplasms
  4 giant cockroaches
  18 goblins
  12 hobgoblins
  6 jackals
  2 quokkas
  A frilled lizard (D:1)
  8 kobolds
  7 rats
420 creatures vanquished.

Vanquished Creatures (others)
  A killer bee (D:9)
  A hound (D:11)
  3 fungi (D:13)
  5 plants
  8 withered plants (Ossuary)
18 creatures vanquished.

Grand Total: 438 creatures vanquished

Notes
Turn   | Place    | Note
-------+----------+-------------------------------------------
     0 | D:1      | IdlyInterested the Demonspawn Brigand began the quest for
                  | the Orb.
     0 | D:1      | Reached XP level 1. HP: 16/16 MP: 1/1
    29 | D:1      | Reached skill level 1 in Dodging
   101 | D:1      | Reached skill level 4 in Stealth
   101 | D:1      | Gained mutation: You regenerate a little health from kills.
                  | [demonic ancestry]
   101 | D:1      | Reached XP level 2. HP: 22/22 MP: 2/2
   616 | D:2      | Found Hunem's Book Boutique.
   636 | D:2      | Reached XP level 3. HP: 26/27 MP: 3/3
  1064 | D:3      | Noticed Pargi
  1098 | D:3      | Killed Pargi
  1099 | D:3      | Reached skill level 1 in Armour
  1099 | D:3      | Reached skill level 5 in Stealth
  1099 | D:3      | Reached XP level 4. HP: 18/33 MP: 4/4
  1099 | D:3      | Gained mutation: Your touch may inflict minor irresistible
                  | damage on your foes. [demonic ancestry]
  1099 | D:3      | Reached XP level 5. HP: 21/38 MP: 5/5
  1106 | D:3      | Upgraded the game from 0.30-a0-557-ge2afbf3030 to
                  | 0.30-a0-568-g124715a40b
  1176 | D:3      | Noticed a phantom
  1188 | D:3      | Found a glowing drain.
  1189 | D:3      | Killed a phantom
  1190 | D:3      | Reached skill level 6 in Stealth
  1230 | Sewer    | Entered a sewer
  1258 | Sewer    | Noticed a water moccasin
  1265 | Sewer    | Killed a water moccasin
  1266 | Sewer    | Reached skill level 1 in Unarmed Combat
  1266 | Sewer    | Gained mutation: Your touch may inflict irresistible damage
                  | on your foes. [demonic ancestry]
  1266 | Sewer    | Reached XP level 6. HP: 46/46 MP: 6/6
  1285 | Sewer    | Identified the +12 long sword "Suvelih" {flame, rF++ rC+
                  | Str-3 Dex+3}
  2186 | D:4      | Found a sand-covered staircase.
  2195 | Ossuary  | Entered an ossuary
  2222 | Ossuary  | Reached skill level 7 in Stealth
  2224 | Ossuary  | Reached skill level 1 in Evocations
  2224 | Ossuary  | Gained mutation: You are surrounded by a mild repulsion
                  | field. (EV +2) [demonic ancestry]
  2224 | Ossuary  | Reached XP level 7. HP: 42/51 MP: 7/7
  2298 | Ossuary  | Reached skill level 8 in Stealth
  2328 | Ossuary  | Gained mutation: Your touch may irresistibly damage your
                  | foes and sap their willpower. [demonic ancestry]
  2328 | Ossuary  | Reached XP level 8. HP: 58/58 MP: 8/8
  2642 | D:4      | Found Ruchat's Armour Shop.
  2658 | D:4      | Found Piamiun's Antique Armour Shop.
  2685 | D:4      | Reached skill level 9 in Stealth
  2811 | D:4      | Found Fadiwk's Antique Weapon Shop.
  2915 | D:4      | Noticed Eustachio
  2931 | D:4      | Killed Eustachio
  3004 | D:4      | Found Ymothuer's Book Boutique.
  3215 | D:4      | Bought a warped falchion for 160 gold pieces
  3215 | D:4      | Identified the +6 falchion of Fear {drain, Will+} (You
                  | bought it in a shop on level 4 of the Dungeon)
  3249 | D:4      | Bought a dyed leather armour for 125 gold pieces
  3258 | D:5      | Entered Level 5 of the Dungeon
  3441 | D:5      | Found Qatujefy's Weapon Emporium.
  3447 | D:5      | Bought 3 stones for 3 gold pieces
  3447 | D:5      | Bought a stone for 1 gold piece
  3447 | D:5      | Bought 8 stones for 10 gold pieces
  3447 | D:5      | Bought a stone for 1 gold piece
  3583 | D:5      | Noticed a hornet
  3591 | D:5      | Paralysed by a hornet for 3 turns
  3594 | D:5      | Killed a hornet
  3595 | D:5      | Reached skill level 10 in Stealth
  3777 | D:5      | Found a runed translucent door.
  3777 | D:5      | Noticed Ijyb
  3778 | D:5      | Noticed Crazy Yiuf
  3781 | D:5      | Killed Ijyb
  3782 | D:5      | Gained mutation: You regenerate health from kills. [demonic
                  | ancestry]
  3782 | D:5      | Reached XP level 9. HP: 65/65 MP: 9/9
  3789 | D:5      | Killed Crazy Yiuf
  3981 | D:6      | HP: 2/65 [gnoll/+0 club[a gnoll sergeant] (5)]
  4061 | D:6      | Found a staircase to the Ecumenical Temple.
  4070 | Temple   | Entered the Ecumenical Temple
  4624 | D:6      | Reached skill level 11 in Stealth
  4701 | D:6      | Noticed Grinder
  4706 | D:6      | Killed Grinder
  4925 | D:6      | Found a sparkling altar of Nemelex Xobeh.
  4934 | D:6      | Found an iron altar of Okawaru.
  5136 | D:6      | Reached skill level 12 in Stealth
  5418 | D:7      | Found a flagged portal.
  5444 | Bailey   | Entered a bailey
  5482 | Bailey   | Reached XP level 10. HP: 71/71 MP: 10/10
  5509 | Bailey   | Noticed a vault guard
  5522 | Bailey   | Killed a vault guard
  5523 | Bailey   | Reached skill level 5 in Short Blades
  5523 | Bailey   | Reached skill level 13 in Stealth
  5594 | Bailey   | Noticed a vault guard
  5594 | Bailey   | Noticed Prince Ribbit
  5608 | Bailey   | Killed a vault guard
  5609 | Bailey   | Killed Prince Ribbit
  5894 | D:7      | Reached skill level 14 in Stealth
  6642 | D:8      | Noticed a two-headed ogre
  6650 | D:8      | Killed a two-headed ogre
  6651 | D:8      | Reached skill level 5 in Fighting
  6651 | D:8      | Gained mutation: Your demonic aura sometimes causes spilled
                  | blood to erupt in flames. [demonic ancestry]
  6651 | D:8      | Reached XP level 11. HP: 65/79 MP: 8/11
  7086 | D:8      | Reached skill level 15 in Stealth
  7562 | D:9      | Noticed Psyche
  7587 | D:9      | Killed Psyche
  7663 | D:9      | Noticed a two-headed ogre
  7672 | D:9      | Killed a two-headed ogre
  7776 | D:9      | Found a radiant altar of Vehumet.
  7813 | D:9      | Found a staircase to the Orcish Mines.
  7828 | D:9      | Reached skill level 16 in Stealth
  8413 | D:10     | Entered Level 10 of the Dungeon
  8413 | D:10     | Found Pafuecwo's Demolitions Depot.
  8458 | D:10     | Noticed a two-headed ogre
  8467 | D:10     | Killed a two-headed ogre
  8567 | D:10     | Noticed a two-headed ogre
  8573 | D:10     | Killed a two-headed ogre
  8574 | D:10     | Gained mutation: Your demonic aura often causes spilled
                  | blood to erupt in flames. [demonic ancestry]
  8574 | D:10     | Reached XP level 12. HP: 86/86 MP: 12/12
  8597 | D:10     | Noticed Maggie
  8608 | D:10     | Killed Maggie
  8691 | D:10     | Found a blossoming altar of Fedhas.
  8828 | D:10     | Reached skill level 17 in Stealth
  9117 | D:10     | Noticed Harold
  9121 | D:10     | Killed Harold
  9325 | D:11     | Found a staircase to the Lair.
  9708 | D:11     | Found a snail-covered altar of Cheibriados.
  9824 | D:11     | Found Jotaus's Armour Shop.
 10007 | D:11     | Noticed a two-headed ogre
 10012 | D:11     | Killed a two-headed ogre
 10026 | D:11     | Noticed a two-headed ogre
 10034 | D:11     | Killed a two-headed ogre
 10129 | D:11     | Bought a +2 helmet of see invisible for 344 gold pieces
 10483 | D:12     | Reached skill level 18 in Stealth
 10497 | D:12     | Noticed Sonja
 10502 | D:12     | Killed Sonja
 10542 | D:12     | Noticed a boulder beetle
 10546 | D:12     | Killed a boulder beetle
 10852 | D:12     | Noticed a boulder beetle
 10859 | D:12     | Killed a boulder beetle
 10860 | D:12     | Reached XP level 13. HP: 93/93 MP: 13/13
 11102 | D:12     | Noticed Frances
 11117 | D:12     | Killed Frances
 11502 | D:13     | Reached skill level 19 in Stealth
 11650 | D:13     | Found a gate to the Vaults.
 11797 | D:13     | Found a runed translucent door.
 11799 | D:13     | Noticed Wiss's ghost (journeyman DgDe)
 11801 | D:13     | Identified the +9 trident of Dissolution {flame, Fragile
                  | rF+ rC+ rN+}
 12233 | D:13     | HP: 4/93 [spriggan rider/the +9 trident of Dissolution
                  | {flame, Fragile rF+ rC+ rN+} (3)]
 12233 | D:13     | Demolished by a spriggan rider

Illustrated notes

Levels and vault maps discovered:
D:1:      spicycebolla_green_bress_n_ham_2, layout_basic
D:2:      layout_rooms, serial_shops, nicolae_shop_hallway_plus
D:3:      layout_basic, cheibrodos_sewer_entry_drain, uniq_pargi
D:4:      layout_gridville, nicolae_ossuary_entry_monument, serial_shops,
          nicolae_diamond_shop, nicolae_shop_overgrown_old_shop,
          nicolae_stop_n_shop_1, nicolae_shop_stone, uniq_eustachio
D:5:      layout_rooms, mainiacjoe_overflow_tiny_flanked, serial_shops,
          nicolae_shop_bloodbath_and_beyond, nicolae_kite_square_tiling_tiny,
          grunt_decor_resistance, kennysheep_flooded_box, minmay_holes,
          uniq_crazy_yiuf_cottage, uniq_ijyb
D:6:      minmay_thinvault, layout_layer_cave, mainiacjoe_overflow_swirl,
          minmay_temple_entry_mini_moons, uniq_grinder
D:7:      layout_loops_ring, enter_bailey_5
D:8:      layout_basic, special_room [special_room_orc]
D:9:      layout_cave_pools, kennysheep_little_box, erik_orc_3,
          minmay_misc_feat_secret_circle, moated_statue, grunt_ogre_cave,
          uniq_psyche
D:10:     layout_roguey, fedhas_ov_isle_minmay, nicolae_blasting_shop,
          uniq_harold, uniq_maggie
D:11:     layout_irregular_city, erik_lair_island, serial_column_ruins,
          column_ruins_hut, column_ruins_columns_corner,
          column_ruins_corridor_water, column_ruins_open_tiny,
          column_ruins_open_small, serial_shops, nicolae_shop_stone,
          slow_altar_2
D:12:     layout_roguey, uniq_frances, uniq_sonja
D:13:     layout_loops_ring, david_vaults_2, ebering_ghost_funeral_grove,
          nzn_life_drinkers
Temple:   bh_familiar_temple

Skill      XL: |  1  2  3  4  5  6  7  8  9 10 11 12 13 |
---------------+----------------------------------------+-----
Dodging        | 1 2 3 4 |  4.0
Stealth        | 4 5 6 7 8 10 12 14 16 18 19 | 19.6
Short Blades   | 2 3 4 5 6 7 |  7.0
Armour         | 1 2 3 |  3.3
Unarmed Combat | 1 2 3 4 |  4.0
Evocations     | 1 2 3 |  3.0
Fighting       | 3 4 5 6 |  6.2
Throwing       | 2 3 |  3.0

Action                   |  1- 3 |  4- 6 |  7- 9 | 10-12 | 13-15 || total
-------------------------+-------+-------+-------+-------+-------++-------
Melee: Dagger            |   127 |    29 |       |    29 |    42 ||   227
       Touch             |       |     8 |    25 |    75 |    18 ||   126
       Long sword        |       |    33 |   218 |   352 |    23 ||   626
       Punch             |       |       |       |    11 |     4 ||    15
Throw: Stone             |     3 |       |    15 |       |       ||    18
       Dart              |     1 |       |       |    14 |     4 ||    19
Evoke: Wand              |       |       |       |       |     1 ||     1
  Use: Scroll            |     7 |     2 |    19 |     6 |     1 ||    35
       Potion            |     2 |       |     3 |     2 |     2 ||     9
 Stab: Sleeping          |     4 |    11 |    26 |    28 |     7 ||    76
       Distracted        |     1 |       |     6 |     1 |     3 ||    11
Armor: Robe              |    40 |     2 |       |       |       ||    42
       Troll leather arm |       |    14 |    63 |   150 |    15 ||   242
Dodge: Dodged            |    53 |    29 |   148 |   437 |    55 ||   722

Table legend: (Time is in decaauts)
 A = Elapsed time spent in this place.
 B = Non-inter-level travel time spent in this place.
 C = Inter-level travel time spent in this place.
 D = Time resting spent in this place.
 E = Time spent auto-exploring this place.
 F = Levels seen in this place.
 G = Mean time per level.
                   A        B        C        D        E       F      G
               +--------+--------+--------+--------+--------+-----+--------+
         Total |  12435 |  10575 |   1860 |    303 |   6119 |  17 |  731.5 |
       Dungeon |  11401 |   9592 |   1809 |    253 |   5941 |  13 |  877.0 |
        Temple |    238 |    188 |     50 |      0 |    160 |   1 |  238.0 |
         Sewer |     79 |     79 |      0 |      0 |      0 |   1 |   79.0 |
       Ossuary |    401 |    401 |      0 |      0 |      0 |   1 |  401.0 |
        Bailey |    316 |    316 |      0 |     50 |     17 |   1 |  316.0 |
               +--------+--------+--------+--------+--------+-----+--------+

Top non-repeatable levels by time:
     D:6: 1252 daAuts
     D:9: 1039 daAuts
     D:3: 974 daAuts
     D:7: 972 daAuts
    D:10: 966 daAuts
    D:12: 947 daAuts
     D:8: 918 daAuts
    D:11: 875 daAuts
    D:13: 840 daAuts
     D:4: 805 daAuts
     D:1: 678 daAuts
     D:5: 643 daAuts
     D:2: 486 daAuts
 Ossuary: 401 daAuts
  Bailey: 316 daAuts
